 Dungeon Crawl Stone Soup version 0.22-a0-515-g75794bf (webtiles) character file.

389 inc the Chiller (level 6, -8/36 HPs)
             Began as an Octopode Ice Elementalist on June 19, 2018.
             Mangled by an ogre
             ... wielding a +0 giant club
              (17 damage)
             ... on level 5 of the Dungeon.
             The game lasted 00:08:12 (5042 turns).

inc the Chiller (Octopode Ice Elementalist)         Turns: 5042, Time: 00:08:13

Health: -8/36      AC:  6    Str:  7      XL:     6   Next: 79%
Magic:  1/11       EV: 13    Int: 20      God:
Gold:   261        SH:  4    Dex:  8 (12) Spells: 0/12 levels left

rFire    . . .     SeeInvis .   s - +2 war axe (chop)
rCold    . . .     Gourm    +   c - +0 buckler
rNeg     . . .     Faith    .   (helmet restricted)
rPois    .         Spirit   .   p - amulet of the gourmand
rElec    .         Reflect  .   (no ring)
rCorr    .         Harm     .   (no ring)
MR       .....                  (no ring)
Stlth    +++.......             (no ring)
HPRegen  0.12/turn              (no ring)
MPRegen  0.12/turn              (no ring)
                                (no ring)
                                (no ring)

@: icy armour
A: almost no armour, stealthy swim, amphibious, 8 rings, constrict 8, camouflage
1, gelatinous body 1
a: no special abilities


You were on level 5 of the Dungeon.
You were not hungry.

You visited 1 branch of the dungeon, and saw 5 of its levels.

You collected 261 gold pieces.

Inventory:

Hand Weapons
 a - a +0 whip
 f - a +3 dagger
 s - a +2 war axe of chopping (weapon)
Armour
 c - a +0 buckler (worn)
Jewellery
 p - an amulet of the gourmand (around mantle)
 u - an uncursed ring of fire
Wands
 g - a wand of random effects (18)
Scrolls
 d - a scroll of immolation {unknown}
 e - 2 scrolls of remove curse
 i - 2 scrolls of amnesia {unknown}
 l - a scroll of blinking {unknown}
 m - a scroll of fear {unknown}
 n - a scroll of noise {unknown}
 o - 4 scrolls of fog {unknown}
 r - a scroll of random uselessness {unknown}
Potions
 h - a potion of haste
 j - 3 potions of curing
 k - a potion of cancellation
 q - a potion of berserk rage
 t - a potion of invisibility
 v - a potion of flight {unknown}
Comestibles
 b - 11 rations


   Skills:
 - Level 2.0 Dodging
 - Level 2.6 Stealth
 - Level 4.0 Shields
 - Level 3.8 Spellcasting
 - Level 1.0 Conjurations
 + Level 1.7 Summonings
 - Level 4.2 Ice Magic


You couldn't memorise any spells.
You knew the following spells:

 Your Spells              Type           Power        Failure   Level  Hunger
a - Freeze                Ice            ###.         2%          1    None
b - Ozocubu's Armour      Chrm/Ice       ##......     16%         3    ###....
c - Throw Icicle          Conj/Ice       ##......     41%         4    ####...
d - Summon Ice Beast      Ice/Summ       ###.....     36%         4    ####...

Your spell library contained the following spells:

 Spells                   Type           Power        Failure   Level  Hunger
 Throw Frost              Conj/Ice       ##....       7%          2    ##.....


Dungeon Overview and Level Annotations

Branches:
Dungeon (5/15)
 Temple: D:4-7

Altars:
Wu Jian
Yredelemnul
The Shining One

Annotations:
D:4 1 runed door, nikopol's ghost, amateur MiBe


Innate Abilities, Weirdness & Mutations

You cannot wear most types of armour.
You are very stealthy in the water. (Stealth+)
You are amphibious.
You can wear up to eight rings at the same time.
You can use your tentacles to constrict eight enemies at once.
Your skin changes colour to match your surroundings (Stealth+).
Your rubbery body absorbs attacks. (AC +1, EV +1)


Message History

The ogre misses you.
Casting: Freeze (safe; 2% risk of failure)
Confirm with . or Enter, or press ? or * to list all spells.
Aiming: Freeze (safe; 2% risk of failure)
Press: ? - help, Shift-Dir - straight line, f/p - ogre
Aim: an ogre, wielding a giant club (moderately wounded)
You freeze the ogre.
The ogre is heavily wounded.
The ogre hits you with a giant club!
* * * LOW HITPOINT WARNING * * *
Unknown command.
Casting: Freeze (safe; 2% risk of failure)
Confirm with . or Enter, or press ? or * to list all spells.
Aiming: Freeze (safe; 2% risk of failure)
Press: ? - help, Shift-Dir - straight line, f/p - ogre
Aim: an ogre, wielding a giant club (heavily wounded)
You freeze the ogre.
The ogre is heavily wounded.
The ogre hits you with a giant club!
You die...

#.# #.#
######.####.#
#..>......##$#
#.#####.#.##.#
#.#.##.# #.#.##.#
#.#.##.######
...###...........#
.....###@##.####.#
..... #O##.# #...
#{##.#
.##...##o.#.#
............#
............#
..........$##
###.o.###.## #..o
#.#


You could see an ogre and an orc.

Vanquished Creatures
  A howler monkey (D:4)
  A quasit (D:5)
  An orc priest (D:4)
  An orc wizard (D:4)
  4 gnolls (D:3)
  9 adders
  A shadow imp (D:5)
  An ooze (D:3)
  3 worms
  A dart slug (D:1)
  4 leopard geckos
  7 orcs
  2 ball pythons
  3 giant cockroaches
  9 goblins
  12 hobgoblins
  13 jackals
  4 quokkas
  8 bats
  8 frilled lizards
  A jackal zombie (D:5)
  7 kobolds
  A quokka skeleton (D:4)
  10 rats
112 creatures vanquished.

Vanquished Creatures (others)
  2 withered plants (D:4)
2 creatures vanquished.

Grand Total: 114 creatures vanquished

Notes
Turn   | Place    | Note
-------+----------+-------------------------------------------
     0 | D:1      | inc the Octopode Ice Elementalist began the quest for the Orb.
     0 | D:1      | Reached XP level 1. HP: 11/11 MP: 3/3
    94 | D:1      | Reached XP level 2. HP: 17/17 MP: 1/5
   629 | D:1      | Reached XP level 3. HP: 14/21 MP: 4/6
  1536 | D:2      | Reached skill level 1 in Shields
  1655 | D:2      | Reached XP level 4. HP: 26/27 MP: 4/7
  1843 | D:2      | Found an ornate altar of the Wu Jian Council.
  1969 | D:2      | Found a faded altar of an unknown god.
  2500 | D:3      | Reached XP level 5. HP: 25/31 MP: 6/8
  3368 | D:4      | Found a runed door.
  3368 | D:4      | Noticed nikopol's ghost (amateur MiBe)
  3698 | D:4      | Reached XP level 6. HP: 36/36 MP: 7/10
  4036 | D:4      | Learned a level 3 spell: Ozocubu's Armour
  4041 | D:4      | Learned a level 4 spell: Throw Icicle
  4046 | D:4      | Learned a level 4 spell: Summon Ice Beast
  4919 | D:5      | Entered Level 5 of the Dungeon
  4926 | D:5      | Found a basalt altar of Yredelemnul.
  4935 | D:5      | Found a glowing golden altar of the Shining One.
  5008 | D:5      | Reached skill level 1 in Summonings
  5042 | D:5      | Mangled by an ogre

Vault maps used:
D:1:      minmay_arrival_glassed_features
D:2:      lemuel_round_altar, chequers_ecumenical_altar_lobes
D:4:      kennysheep_six_static_rooms, gammafunk_ghost_grave
D:5:      lemuel_round_altar, kennysheep_mini, minmay_temple_entry_fiery,
          first_ration, serial_bayou_lagoon_b

Skill      XL: |  1  2  3  4  5  6 |
---------------+-------------------+-----
Ice Magic      | 4 |  4.2
Shields        | 1 3 4 |  4.0
Spellcasting   | 3 |  3.8
Summonings     | 1 |  1.7
Dodging        | |  2.0
Stealth        | |  2.6
Conjurations   | |  1.0

Action                   |  1- 3 |  4- 6 || total
-------------------------+-------+-------++-------
Melee: Whip              |    22 |       ||    22
       Constrict         |    16 |    26 ||    42
       Tentacles         |     6 |     8 ||    14
       Unarmed           |     2 |       ||     2
       Dagger            |     8 |    53 ||    61
       War axe           |       |    38 ||    38
 Cast: Freeze            |    35 |    70 ||   105
       Ozocubu's Armour  |       |     1 ||     1
  Use: Scroll            |       |     6 ||     6
 Stab: Sleeping          |     8 |    10 ||    18
       Distracted        |       |     1 ||     1
  Eat: Chunk             |     3 |    16 ||    19
Armor: Skin              |     5 |    13 ||    18
Dodge: Dodged            |    30 |    93 ||   123
Block: Buckler           |     5 |    26 ||    31

Table legend:
 A = Spawn XP
 B = Non-spawn XP
 C = Spawn XP percentage of total XP
 D = Spawn monster count
 E = Non-spawn monster count
 F = Spawn count percentage of total count
 G = Total turns spent on level
                    A         B        C        D         E        F      G
               +---------+---------+-------+---------+---------+-------+---------
         Total |       0 |     557 |   0.0 |       0 |     112 |   0.0 |  5042
               +---------+---------+-------+---------+---------+-------+---------
           D:1 |       0 |      51 |   0.0 |       0 |      28 |   0.0 |  1378
           D:2 |       0 |      91 |   0.0 |       0 |      26 |   0.0 |  1171
           D:3 |       0 |     136 |   0.0 |       0 |      32 |   0.0 |   784
           D:4 |       0 |     210 |   0.0 |       0 |      19 |   0.0 |  1586
           D:5 |       0 |      69 |   0.0 |       0 |       7 |   0.0 |   123
               +---------+---------+-------+---------+---------+-------+---------
